 Dungeon Crawl Stone Soup version 0.31-a0-846-gb3bcc0d938 (console) character file.

Game seed: 1905136550026337637

322 petzl the Sneak (level 6, -6/47 HPs)
             Began as a Formicid Delver on Oct 3, 2023.
             Killed by nerve-wracking pain
             ... invoked by an orc priest
              (14 damage)
             ... on level 6 of the Dungeon.
             The game lasted 00:14:01 (4161 turns).

petzl the Sneak (Formicid Delver)                   Turns: 4161, Time: 00:14:02

Health: -6/47      AC:  6    Str: 22    XL:     6   Next: 76%
Magic:  12/12      EV: 11    Int: 12    God:
Gold:   196        SH:  0    Dex: 15    Spells: 13/13 levels left

rFire   + . .        b - +1 lajatang
rCold   . . .        (no shield)
rNeg    . . .        u - +1 ring mail {rF+}
rPois   .            (helmet unavailable)
rElec   .            (no cloak)
rCorr   .            (no gloves)
SInv    +            (no boots)
Will    .....        z - amulet of the acrobat
Stlth   +++          w - +6 ring of strength
HPRegen 0.27/turn    (no ring)
MPRegen 0.13/turn

%: acrobat
@: no status effects
A: permanent stasis, dig shafts and tunnels, antennae 3, four strong arms
a: Dig, Shaft Self


You were on level 6 of the Dungeon.
You visited 1 branch of the dungeon, and saw 6 of its levels.

You collected 196 gold pieces.

Inventory:

Hand Weapons
 a - a +0 sling
 b - a +1 lajatang (weapon)
Missiles
 c - 16 poisoned darts
 h - 55 stones
Armour
 u - a +1 ring mail of fire resistance (worn)
Jewellery
 g - an amulet of reflection
 w - a +6 ring of strength (left hand)
 z - an amulet of the acrobat (around neck)
Wands
 f - a wand of digging (2)
Scrolls
 e - 2 scrolls of fear
 k - 2 scrolls of enchant armour {unknown}
 m - 2 scrolls of immolation {unknown}
 p - 2 scrolls of silence
 r - a scroll of amnesia {unknown}
 s - a scroll of vulnerability {unknown}
 v - a scroll of revelation
 x - a scroll of poison
Potions
 d - a potion of heal wounds {unknown}
 i - a potion of curing {unknown}
 j - a potion of haste {unknown}
 l - a potion of ambrosia {unknown}
 n - a potion of mutation {unknown}
 o - 2 potions of attraction {unknown}
 q - a potion of cancellation {unknown}
 t - a potion of degeneration {unknown}


   Skills:
 - Level 3.4 Fighting
 - Level 2.1(2.6) Maces & Flails
 + Level 2.2(2.7) Staves
 + Level 3.0 Ranged Weapons
 - Level 1.9 Dodging
 - Level 6.1 Stealth
 + Level 4.2 Spellcasting


You had 13 spell levels left.
You didn't know any spells.
Your spell library contained the following spells:

 Spells                   Type           Power      Damage    Failure   Level
 Magic Dart               Conj           8%         1d3       34%         1
 Call Imp                 Summ           4%         N/A       47%         2
 Mephitic Cloud           Conj/Pois/Air  2%         N/A       71%         3


Dungeon Overview and Level Annotations

Branches:
Dungeon (6/15)
 Temple: D:4-7

Altars:
Cheibriados

Annotations:
D:4 exclusion: 2 downstairs, Edmund
D:5 exclusions: downstairs and 3 sensed monsters (detected)
D:6 exclusions: ogre, orc warrior and 2 sensed monsters (detected)


Innate Abilities, Weirdness & Mutations

You cannot be hasted, slowed, berserked, paralysed or teleported.
You can dig through walls and to a lower floor.
You have a pair of large antennae on your head. (SInv)
Your four strong arms can wield two-handed weapons with a shield.


Message History

You slash the orc wizard!
You kill the orc wizard!
Your Ranged Weapons skill increases to level 3!
Items here: )) [ †.
Okay, then.
a - a +0 sling (weapon)
Partly explored, can't reach some items and places.
An orc priest comes into view. It is wielding a +0 mace.
You shoot a sling bullet. The orc priest shouts!
The sling bullet hits the orc priest but does no damage.
Items here: )) [ †.
The orc priest mumbles some strange prayers to Beogh against you.
Beogh smites you!
b - a +1 lajatang (weapon)
The orc priest misses you.
The orc warrior shouts!
You slash the orc priest!
The orc priest is almost dead.
You hear a shout!
You barely miss the orc warrior. You barely miss the orc warrior.
The orc warrior hits you with a +0 war axe.
The orc priest looks braver for a moment.
The orc warrior closely misses you.
You hit the orc warrior.
The orc warrior is lightly wounded.
The orc warrior hits you with a +0 war axe!
You hit the orc warrior but do no damage.
You punch the orc warrior, but do no damage.
The orc warrior is lightly wounded.
The orc priest mumbles some strange prayers to Beogh against you.
Pain shoots through your body!
* * * LOW HITPOINT WARNING * * *
Are you sure you want to shaft yourself?
The orc warrior hits you with a +0 war axe.
* * * LOW HITPOINT WARNING * * *
The orc priest mumbles some strange prayers to Beogh against you.
Pain shoots through your body!
You die...

#.#.#....##..
#.#.#..#.....
#.#..##.#.###
#...##.8.## .
#..####.## .#
#..#.#♣#♣ .##
#.#.♣.# .⌠
#..#.#♣ ♣#
#..### #.#.
#########.##.
#.........# #.{
#.######### ..
#.# .. #.# ..o.
#.# ... #.#
..o# #.# ...o.
#@#######......
#o.oo........<.
#########......
..... ...# .##
#


You could see an orc warrior, an orc priest and an orc.

Vanquished Creatures
  A hound (D:4)
  A jelly (D:4)
  2 orc wizards
  An iguana (D:4)
  5 adders
  5 gnolls
  An ufetubus (D:5)
  A worm (D:2)
  3 dart slugs
  6 orcs
  8 endoplasms
  7 giant cockroaches
  3 hobgoblins
  8 kobolds
  3 quokkas
  12 ball pythons
  4 bats
  3 frilled lizards
  8 goblins
  A rat (D:2)
83 creatures vanquished.

Notes
Turn   | Place    | Note
-------+----------+-------------------------------------------
     0 | D:5      | petzl the Formicid Delver began the quest for the Orb.
     0 | D:5      | Reached XP level 1. HP: 18/18 MP: 1/1
    27 | D:6      | Noticed an ogre
   105 | D:6      | Noticed an orc warrior
   337 | D:6      | Noticed an ice beast
   358 | D:5      | Reached XP level 2. HP: 24/24 MP: 2/2
   393 | D:5      | Noticed a gnoll sergeant
   608 | D:3      | Reached skill level 1 in Spellcasting
   827 | D:1      | Reached XP level 3. HP: 29/29 MP: 5/5
  1629 | D:2      | Reached XP level 4. HP: 32/35 MP: 6/8
  1830 | D:2      | Reached skill level 1 in Ranged Weapons
  2003 | D:2      | Found a faded altar of an unknown god.
  2349 | D:3      | Reached XP level 5. HP: 30/41 MP: 9/9
  2575 | D:3      | Found a snail-covered altar of Cheibriados.
  2910 | D:4      | Reached skill level 1 in Staves
  3032 | D:4      | Reached XP level 6. HP: 47/47 MP: 11/11
  3177 | D:4      | Noticed Edmund
  3988 | D:4      | You fall into a shaft and drop 2 floors!
  4161 | D:6      | Killed from afar by an orc priest

Illustrated notes

Levels and vault maps discovered:
D:1:      ncdulo_watergridlock, layout_loops_ring
D:2:      layout_loops_ring, hellmonk_ecumenical_altar_zigzags, minmay_distorted
D:3:      layout_basic, mainiacjoe_overflow_concentric_impassable,
          feat_on_display
D:4:      layout_loops_ring, uniq_edmund
D:5:      layout_rooms, minmay_manual_monstrance
D:6:      layout_loops_ring, minmay_temple_entry_proselytizer,
          grunt_decor_mini_mirrors

Skill      XL: |  1  2  3  4  5  6 |
---------------+-------------------+-----
Spellcasting   | 1 2 3 4 |  4.2
Ranged Weapons | 1 2 3 |  3.0
Staves         | 1 2 |  2.2
Fighting       | |  3.4
Maces & Flails | |  2.1
Dodging        | |  1.9
Stealth        | |  6.1

Action                     |  1- 3 |  4- 6 || total
---------------------------+-------+-------++-------
  Melee: Mace              |    92 |    16 ||   108
         Lajatang          |       |    66 ||    66
         Punch             |       |     3 ||     3
   Fire: Sling             |    15 |   109 ||   124
Ability: Shaft Self        |       |     2 ||     2
  Evoke: Wand              |     1 |       ||     1
    Use: Scroll            |     2 |     4 ||     6
   Stab: Sleeping          |    11 |       ||    11
 Armour: Leather armour    |    39 |       ||    39
         Ring mail         |       |    81 ||    81
  Dodge: Dodged            |    49 |    77 ||   126
  Block: Other             |    24 |    19 ||    43
         Reflection        |       |     4 ||     4

Table legend: (Time is in decaauts)
 A = Elapsed time spent in this place.
 B = Non-inter-level travel time spent in this place.
 C = Inter-level travel time spent in this place.
 D = Time resting spent in this place.
 E = Time spent auto-exploring this place.
 F = Levels seen in this place.
 G = Mean time per level.
                   A        B        C        D        E       F      G
               +--------+--------+--------+--------+--------+-----+--------+
         Total |   4241 |   4029 |    212 |    470 |   2409 |   6 |  706.8 |
       Dungeon |   4241 |   4029 |    212 |    470 |   2409 |   6 |  706.8 |
               +--------+--------+--------+--------+--------+-----+--------+

Top non-repeatable levels by time:
     D:4: 1104 daAuts
     D:2: 932 daAuts
     D:1: 805 daAuts
     D:3: 687 daAuts
     D:6: 382 daAuts
     D:5: 329 daAuts
